 Seeded DCSS version 0.31-a0-4-gefa6de2278 (webtiles) character file.

Game seed: 548224908236487523 (custom seed)

4439 Pimp the Sneak (level 10, -9/66 HPs)
             Began as an Octopode Transmuter on May 3, 2023.
             Was a Priest of Okawaru.
             Killed from afar by Lodul (24 damage)
             ... with a bolt of lightning
             ... on level 10 of the Dungeon.
             The game lasted 00:23:55 (7186 turns).

Pimp the Sneak (Octopode Transmuter)                Turns: 7186, Time: 00:23:56

Health: -9/66      AC:  6    Str: 12    XL:     10   Next: 36%
Magic:  18/18      EV: 15    Int: 18    God:    Okawaru [***...]
Gold:   466        SH:  0    Dex: 12    Spells: 7/19 levels left

rFire   + . .        h - +8 lance "Wyrmbane" {slay drac, rPois rF+ rC+ AC+3}
rCold   + . .        (no shield)
rNeg    + . .        (helmet currently unavailable)
rPois   +            (no amulet)
rElec   .            t - ring of positive energy
rCorr   .            (no ring)
SInv    .            (no ring)
Will    .....        (no ring)
Stlth   +++++        (no ring)
HPRegen 0.31/turn    (no ring)
MPRegen 0.16/turn    (no ring)
                     (no ring)

%: no passive effects
@: appendages
A: tentacle spike 3, almost no armour, amphibious, 8 rings, camouflage 1,
gelatinous body 1, (nimble swimmer 1), tentacles, iridescent scales 1
a: End Transformation, Renounce Religion, Heroism


You were on level 10 of the Dungeon.
You worshipped Okawaru.
Okawaru was most pleased with you.
One of your tentacles had grown a beastly spike.
You visited 2 branches of the dungeon, and saw 9 of its levels.

You collected 526 gold pieces.
You spent 60 gold pieces at shops.

Inventory:

Hand Weapons
 h - the +8 lance "Wyrmbane" (weapon) {slay drac, rPois rF+ rC+ AC+3}
   (You found it on level 3 of the Dungeon)

   AC:        It affects your AC (+3).
   rF:        It protects you from fire.
   rC:        It protects you from cold.
   rPois:     It protects you from poison.
 k - a +0 trident
 s - a +0 shortbow of draining
Jewellery
 n - a ring of fire
 q - a ring of ice
 t - a ring of positive energy (left tentacle)
Wands
 m - a wand of mindburst (8)
 p - a wand of paralysis (14)
 v - a wand of flame (23)
Scrolls
 b - a scroll of vulnerability
 e - 2 scrolls of noise
 i - 2 scrolls of enchant armour
 u - 2 scrolls of magic mapping
Potions
 a - a potion of lignification
 d - a potion of heal wounds
 j - 4 potions of degeneration
 l - a potion of brilliance
 o - 2 potions of flight


   Skills:
 + Level 5.5 Fighting
 - Level 6.2 Polearms
 + Level 5.7 Dodging
 + Level 7.7 Stealth
 * Level 5.2 Unarmed Combat
 + Level 5.4 Spellcasting
 + Level 5.7 Transmutations
 + Level 2.5 Ice Magic


You had 7 spell levels left.
You knew the following spells:

 Your Spells              Type           Power      Damage    Failure   Level
a - Beastly Appendage     Tmut           50%        N/A       1%          1
b - Blink                 Tloc           8%         N/A       19%         2
c - Spider Form           Tmut/Pois      15%        N/A       12%         3
d - Ice Form              Ice/Tmut       19%        N/A       24%         4
e - Lesser Beckoning      Tloc           8%         N/A       19%         2

Your spell library contained the following spells:

 Spells                   Type           Power      Damage    Failure   Level
 Wereblood                Tmut           25%        N/A       1%          2
 Momentum Strike          Conj/Tloc      8%         3d8       19%         2
 Vhi's Electric Charge    Tloc/Air       8%         N/A       36%         3
 Arcjolt                  Conj/Air       2%         1d12      98%         5
 Plasma Beam              Fire/Air       2%         2x1d13    100%        6


Dungeon Overview and Level Annotations

Branches:
Dungeon (10/15)            Temple (1/1) D:5            Lair (0/5) D:9
    Orc: D:9-12

Altars:
Ashenzari
Cheibriados
Dithmenos
Elyvilon
Gozag
Kikubaaqudgha
Makhleb
Nemelex Xobeh
Okawaru
Ru
Sif Muna
Trog
Uskayaw
Wu Jian
Xom
Yredelemnul
Zin

Shops:
D:4 *

Annotations:
D:5 Pikel
D:10 Lodul


Innate Abilities, Weirdness & Mutations

One of your tentacles has grown a beastly spike.
You cannot wear most types of armour.
You are amphibious.
You can wear up to eight rings at the same time.
Your skin changes colour to match your surroundings (Stealth+).
Your rubbery body absorbs attacks. (AC +1, EV +1)
((You are camouflaged when in or above water. (Stealth+)))
You have tentacles for arms and can constrict up to eight enemies at once.
You are partially covered in iridescent scales. (AC +2)


Message History

Okawaru accepts your kill.
You puncture the ogre!
You pierce the ogre.
The ogre is severely wounded.
You puncture the ogre!
You kill the ogre!
Okawaru accepts your kill.
Lodul the Thundrous comes into view.
He is wielding a +0 dire flail.
You hit the ogre but do no damage. You squeeze the ogre, but do no damage.
The ogre misses you.
You hit the ogre.
The ogre is moderately wounded.
The ogre closely misses you.
You puncture the ogre!
You pierce the ogre.
The ogre is almost dead.
The wyvern hisses menacingly.
The ogre hits you with a +0 giant club!
You puncture the ogre!
You kill the ogre!
Okawaru accepts your kill. The wyvern misses you. The ogre closely misses you.
The wyvern closely misses you. The wyvern bites you!
You hit the wyvern.
The wyvern is lightly wounded.
The wyvern bites you! The wyvern attacks as you move away!
The wyvern closely misses you.
The ogre hits you with a +0 giant spiked club!
* * * LOW HITPOINT WARNING * * *
The wyvern attacks as you move away! The wyvern misses you. x2
The wyvern misses you. The wyvern misses you.
The wyvern attacks as you move away! The wyvern bites you.
* * * LOW HITPOINT WARNING * * *
The wyvern barely misses you.
Blink to where?
Press: ? - help, Dir - move target
As you read the scroll of blinking, it crumbles to dust.
Electricity crackles from Lodul's apparatus.
The bolt of lightning hits you!!
You die...

##..###...# #...# #..##
##..##...# #...###..#
#...#...# #....#..##
##...#..# #.....##
##.....# #....## ##....#
####...##
#ยง...#####.......#
.....###....##....###..##
### ........###l.OO.@.###
#...#####.. ........#
##....### ##.....##...
........####OO###
##..##.......
.........##..##
##..######....
.........#.OO# ##..##
##..... .........#..##
##..## #......
...........## ##..##
##.....# #..<......##
##..## #......#
....#...(O## ##..##
##....#..


You could see Lodul, a wyvern and 4 ogres.

Vanquished Creatures
  Maurice (D:9)
  Joseph (D:10)
  A troll (D:10)
  A wraith (D:9)
  A wyvern (D:10)
  A human (D:9)
  A steam dragon (D:9)
  6 vampire mosquitoes (D:10)
  An ice beast (D:6)
  2 black bears
  7 ogres
  3 centaurs
  A lemure (D:6)
  A phantom (D:5)
  A bullfrog (D:9)
  2 scorpions (D:5)
  5 killer bees
  A howler monkey (D:9)
  2 jellies
  3 hounds
  2 orc priests
  3 iguanas (D:4)
  An orc wizard (D:5)
  5 adders
  12 gnolls
  3 shadow imps (D:5)
  An ufetubus (D:5)
  5 worms
  2 dart slugs
  17 orcs
  3 bats
  10 endoplasms
  2 giant cockroaches (D:2)
  9 goblins
  11 hobgoblins
  3 jackals (D:1)
  5 kobolds
  2 quokkas
  7 ball pythons
  2 frilled lizards (D:1)
  A goblin skeleton (D:9)
  A jackal skeleton (D:9)
  4 rats
153 creatures vanquished.

Vanquished Creatures (others)
  2 plants (D:3)
2 creatures vanquished.

Grand Total: 155 creatures vanquished

Notes
Turn   | Place    | Note
-------+----------+-------------------------------------------
     0 | D:1      | Pimp the Octopode Transmuter began the quest for the Orb.
     0 | D:1      | Reached XP level 1. HP: 13/13 MP: 3/3
   133 | D:1      | Reached XP level 2. HP: 18/18 MP: 5/5
   692 | D:4      | Reached XP level 3. HP: 16/23 MP: 4/6
   725 | D:4      | Reached skill level 1 in Stealth
   797 | D:4      | Noticed an ogre
   946 | D:3      | Found a shimmering altar of Xom.
   950 | D:3      | Found the +8 lance "Wyrmbane" {slay drac, rPois rF+ rC+
                  | AC+3}
   964 | D:3      | Reached skill level 1 in Polearms
   964 | D:3      | Reached XP level 4. HP: 4/29 MP: 7/7
   966 | D:3      | HP: 1/29 [orc/boomerang (3)]
  1296 | D:3      | Reached XP level 5. HP: 34/34 MP: 8/8
  1298 | D:3      | Reached skill level 2 in Stealth
  1764 | D:2      | Found a faded altar of an unknown god.
  2445 | D:2      | Reached XP level 6. HP: 35/40 MP: 10/10
  2776 | D:4      | Learned a level 2 spell: Blink
  2776 | D:4      | Noticed a black bear
  2783 | D:4      | Reached skill level 3 in Stealth
  2785 | D:4      | Killed a black bear
  2814 | D:4      | Found Wiajugh's General Store.
  2817 | D:4      | Bought a potion of heal wounds for 60 gold pieces
  2866 | D:4      | Reached XP level 7. HP: 45/45 MP: 11/11
  3016 | D:5      | Entered Level 5 of the Dungeon
  3037 | D:5      | Found a sparkling altar of Nemelex Xobeh.
  3132 | D:5      | Reached skill level 4 in Stealth
  3138 | D:5      | HP: 2/46 [gnoll/+0 flail (8)]
  3311 | D:5      | Found a staircase to the Ecumenical Temple.
  3316 | Temple   | Entered the Ecumenical Temple
  3371 | Temple   | Became a worshipper of Warmaster Okawaru
  3451 | D:5      | Reached XP level 8. HP: 33/52 MP: 13/13
  3702 | D:5      | Noticed Pikel
  3804 | D:4      | Gained mutation: You are partially covered in iridescent
                  | scales. (AC +2) [potion of mutation]
  3960 | D:5      | Reached skill level 5 in Stealth
  4188 | D:6      | Learned a level 3 spell: Spider Form
  4267 | D:6      | Reached skill level 5 in Polearms
  4315 | D:6      | You fall into a shaft and drop 3 floors!
  4477 | D:9      | Found an ornate altar of the Wu Jian Council.
  4478 | D:9      | Found an opulent altar of Gozag.
  4483 | D:9      | Reached * piety under Okawaru
  4514 | D:9      | Reached XP level 9. HP: 54/58 MP: 15/15
  4605 | D:9      | Found a runed translucent door.
  4607 | D:9      | Found a basalt altar of Yredelemnul.
  4625 | D:9      | Reached skill level 6 in Stealth
  4896 | D:9      | Noticed Maurice
  5016 | D:9      | Found a staircase to the Lair.
  5058 | D:9      | Killed Maurice
  5253 | D:10     | Entered Level 10 of the Dungeon
  5281 | D:10     | Noticed a troll
  5297 | D:9      | Reached ** piety under Okawaru
  5298 | D:9      | Reached skill level 5 in Dodging
  5298 | D:9      | Reached skill level 5 in Transmutations
  5303 | D:9      | Learned a level 4 spell: Ice Form
  5637 | D:10     | Reached skill level 1 in Ice Magic
  5814 | D:10     | Found a burning altar of Makhleb.
  5830 | D:10     | Reached skill level 5 in Fighting
  5831 | D:10     | Found a shadowy altar of Dithmenos.
  5831 | D:10     | Found an ancient bone altar of Kikubaaqudgha.
  5903 | D:10     | Killed a troll
  5904 | D:10     | Reached skill level 7 in Stealth
  5904 | D:10     | Reached skill level 5 in Spellcasting
  6040 | D:10     | HP: 2/61 [ogre/+0 giant club[Lodul] (21)]
  6406 | D:10     | Found a snail-covered altar of Cheibriados.
  6440 | D:10     | Reached XP level 10. HP: 44/66 MP: 17/17
  6524 | D:10     | Reached *** piety under Okawaru
  6620 | D:10     | Noticed Joseph
  6811 | D:9      | Learned a level 2 spell: Lesser Beckoning
  6849 | D:10     | Killed Joseph
  6850 | D:10     | Reached skill level 5 in Unarmed Combat
  7032 | D:10     | Found a bloodstained altar of Trog.
  7168 | D:10     | Noticed Lodul
  7186 | D:10     | Killed from afar by Lodul

Illustrated notes

Levels and vault maps discovered:
D:1:      evilmike_arrival_rings, layout_rooms, serial_glass, glass_columns_c,
          glass_columns_a, glass_columns_a, glass_columns_a
D:2:      layout_loops_corners, shapermc_ecumenical_altar_totnotflames
D:3:      corexii_shack_village, layout_loops_ring, amcnicky_altar_gilded,
          st_stairs_13, chequers_serial_rivers_room_a
D:4:      minmay_angry_zag, layout_rooms, serial_shops, kennysheep_mini
D:5:      nicolae_cairo_tiling, layout_basic, nemelex_altar_shiori,
          temple_statues, minmay_misc_feat_tiny, uniq_pikel
D:6:      layout_loops_ring, ebering_ghost_sewer_d
D:9:      layout_loops_ring, dk_yredelemnul_ordeal,
          gammafunk_temple_overflow_pools, lair_entry_dummy, uniq_maurice
D:10:     layout_cave_pods, mainiacjoe_overflow_alcove_1,
          trog_three_pillars_becter, grunt_temple_overflow_open, uniq_lodul,
          uniq_joseph
Temple:   bh_familiar_temple

Skill      XL: |  1  2  3  4  5  6  7  8  9 10 |
---------------+-------------------------------+-----
Stealth        | 1 2 3 4 5 7 |  7.7
Polearms       | 1 2 3 4 5 6 |  6.2
Fighting       | 2 3 4 5 |  5.5
Transmutations | 3 4 5 |  5.7
Dodging        | 3 4 5 |  5.7
Spellcasting   | 3 4 5 |  5.4
Ice Magic      | 1 2 |  2.5
Unarmed Combat | 4 5 |  5.2

Action                     |  1- 3 |  4- 6 |  7- 9 | 10-12 || total
---------------------------+-------+-------+-------+-------++-------
  Melee: Unarmed           |    48 |       |       |     5 ||    53
         Constrict         |    19 |    18 |    26 |     4 ||    67
         Kick              |    11 |       |     8 |     9 ||    28
         Tentacles         |    10 |    16 |    37 |     3 ||    66
         Trident           |    15 |       |       |       ||    15
         Lance             |     6 |   105 |   185 |    32 ||   328
         Punch             |       |     1 |     7 |     1 ||     9
   Fire: Shortbow          |       |       |     8 |     1 ||     9
   Cast: Beastly Appendage |     8 |       |     4 |     3 ||    15
         Spider Form       |       |       |     1 |       ||     1
         Ice Form          |       |       |       |     1 ||     1
         Lesser Beckoning  |       |       |       |     1 ||     1
    Use: Scroll            |     2 |     6 |     9 |     2 ||    19
         Potion            |     1 |     4 |     6 |       ||    11
   Stab: Sleeping          |     7 |    14 |     9 |       ||    30
         Distracted        |       |     1 |       |       ||     1
 Armour: Skin              |     5 |     8 |    42 |     5 ||    60
  Dodge: Dodged            |    36 |    41 |   111 |    32 ||   220

Table legend: (Time is in decaauts)
 A = Elapsed time spent in this place.
 B = Non-inter-level travel time spent in this place.
 C = Inter-level travel time spent in this place.
 D = Time resting spent in this place.
 E = Time spent auto-exploring this place.
 F = Levels seen in this place.
 G = Mean time per level.
                   A        B        C        D        E       F      G
               +--------+--------+--------+--------+--------+-----+--------+
         Total |   7134 |   6891 |    243 |   1755 |   3266 |   9 |  792.7 |
       Dungeon |   7062 |   6834 |    228 |   1755 |   3254 |   8 |  882.8 |
        Temple |     72 |     57 |     15 |      0 |     12 |   1 |   72.0 |
               +--------+--------+--------+--------+--------+-----+--------+

Top non-repeatable levels by time:
     D:9: 1567 daAuts
    D:10: 1281 daAuts
     D:2: 989 daAuts
     D:5: 947 daAuts
     D:3: 929 daAuts
     D:1: 597 daAuts
     D:4: 592 daAuts
     D:6: 158 daAuts
  Temple: 72 daAuts
